 Dungeon Crawl Stone Soup version 0.30-a0-358-g0d69a1922f (webtiles) character file.

Game seed: 11472569634584077870

3153 NinjaNoafa the Slicer (level 9, 0/102 HPs)
             Began as a Merfolk Gladiator on Nov 10, 2022.
             Was an Initiate of Uskayaw.
             Slain by Erica
             ... wielding a +3 scimitar of flaming
              (2 damage)
             ... on level 8 of the Dungeon on Nov 11, 2022.
             The game lasted 00:17:24 (9011 turns).

NinjaNoafa the Slicer (Merfolk Gladiator)           Turns: 9011, Time: 00:17:25

Health: 0/102      AC: 28    Str: 14    XL:     9   Next: 93%
Magic:  10/12      EV:  2    Int:  7    God:    Uskayaw [......]
Gold:   193        SH:  0    Dex: 20    Spells: 12/12 levels left

rFire   . . .      SeeInvis .    a - +0 rapier
rCold   . . .      Faith    .    (no shield)
rNeg    . . .      Spirit   .    (body armour currently unavailable)
rPois   +          Reflect  .    (helmet currently unavailable)
rElec   .          Harm     .    (cloak currently unavailable)
rCorr   .          Rampage  .    (gloves currently unavailable)
Will    .....      NoTele   +    (boots currently unavailable)
Stlth   ++........               (no amulet)
HPRegen 0.37/turn                I - +4 ring of protection
MPRegen 0.13/turn                j - ring of poison resistance

@: tree-form (expiring), on berserk cooldown, slowed, very slow
A: stationary, stasis, torment immunity, boosted hp, (nimble swimmer 2),
(mertail), noise suppression
a: Renounce Religion


You were on level 8 of the Dungeon.
You worshipped Uskayaw.
Uskayaw was noncommittal.
You were a tree.
You visited 2 branches of the dungeon, and saw 9 of its levels.
You also visited: Sewer and Ossuary.

You collected 505 gold pieces.
You spent 312 gold pieces at shops.

Inventory:

Hand Weapons
 a - a +0 rapier (weapon)
Missiles
 b - 5 boomerangs
 d - a throwing net
 l - 49 stones
 p - a poisoned dart
 y - 7 javelins (quivered)
Armour
 c - a +0 helmet (melded)
 s - a +0 cloak (melded)
 G - a +1 leather armour of cold resistance (melded)
Jewellery
 j - a ring of poison resistance (right branch)
 q - a ring of fire
 I - a +4 ring of protection (left branch)
Wands
 r - a wand of charming (9)
 H - a wand of flame (18)
Scrolls
 e - 2 scrolls of immolation
 h - 4 scrolls of teleportation
 i - 3 scrolls of amnesia
 k - a scroll of torment {unknown}
 n - 4 scrolls of poison
 o - 3 scrolls of butterflies {unknown}
 u - 2 scrolls of summoning {unknown}
 w - 4 scrolls of enchant armour {unknown}
 x - a scroll of enchant weapon {unknown}
 z - a scroll of silence {unknown}
 E - a scroll of brand weapon {unknown}
 J - a scroll of magic mapping {unknown}
 K - a scroll of vulnerability {unknown}
Potions
 f - 4 potions of degeneration
 g - a potion of magic
 m - 3 potions of cancellation
 t - a potion of lignification
 A - 3 potions of flight
 B - 3 potions of mutation
 C - 3 potions of attraction
 F - 2 potions of brilliance


   Skills:
 - Level 5.0 Fighting
 - Level 14.0 Short Blades
 - Level 2.0 Throwing
 - Level 7.0 Dodging
 - Level 2.0 Spellcasting
 + Level 3.1 Invocations


You had 12 spell levels left.
You didn't know any spells.
Your spell library contained the following spells:

 Spells                   Type           Power      Damage    Failure   Level
 Kiss of Death            Conj/Necr      0%         2d5       36%         1
 Confusing Touch          Hex            0%         N/A       75%         3
 Gell's Gravitas          Tloc           0%         N/A       75%         3
 Lesser Beckoning         Tloc           0%         N/A       75%         3
 Teleport Other           Tloc           0%         N/A       75%         3
 Dispel Undead            Necr           0%         3d6       98%         4
 Passage of Golubria      Tloc           0%         N/A       98%         4
 Silence                  Hex/Air        0%         N/A       100%        5
 Lehudib's Crystal Spear  Conj/Erth      0%         10d2      100%        8


Dungeon Overview and Level Annotations

Branches:
Dungeon (8/15)             Temple (1/1) D:4           Sewer (visited)
Ossuary (visited)
   Lair: D:8-11

Altars:
Ashenzari
Cheibriados
Dithmenos
Elyvilon
Fedhas
Gozag
Hepliaklqana
Kikubaaqudgha
Makhleb
Nemelex Xobeh
Okawaru
Qazlal
Ru
Sif Muna
Trog
Uskayaw
Vehumet
Wu Jian
Xom
Yredelemnul
Zin
The Shining One

Shops:
D:4 *

Annotations:
D:3 Terence
D:7 Joseph
D:8 Erica


Innate Abilities, Weirdness & Mutations

You are a tree.
Your roots penetrate the ground, keeping you stationary.
You cannot be teleported.
You are immune to unholy pain and torment.
Your maximum health is greatly increased.
Your equipment is partially melded.
((You are very nimble when in or above water. (Stealth+, EV+, Speed+++)))
((Your lower body shifts to a powerful aquatic tail in water.))
You passively dampen the noise of your surroundings.


Message History

Erica flickers and vanishes!
Deactivating autopickup; reactivate with Ctrl-A.
Okay, then.
You swing at nothing.
You hit something but do no damage.
You feel less confused. Something hits you but does no damage.
You stomp with the beat, sending a shockwave through the revellers around you!
You can no longer stomp with the beat.
You hear some strange, mumbled words.
A bolt of poison appears from out of thin air!
The bolt of poison hits you but does no damage.
You resist.
You hear some strange, mumbled words.
You are confused.
Okay, then.
You cannot move. (Use ctrl+direction or * direction to attack while stationary and confused.)
You cannot move. (Use ctrl+direction or * direction to attack while stationary and confused.)
You attack the rock wall.
You attack the rock wall.
Something hits you but does no damage.
You nearly hit yourself!
Something hits you but does no damage. Something hits you.
* * * LOW HITPOINT WARNING * * *
Something burns you.
* * * LOW HITPOINT WARNING * * *
You attack the rock wall.
You swing at nothing.
Something hits you but does no damage.
You attack the rock wall.
Your transformation is almost over.
Something hits you.
* * * LOW HITPOINT WARNING * * *
Something burns you.
* * * LOW HITPOINT WARNING * * *
You attack the rock wall.
Something hits you but does no damage.
You nearly hit yourself!
You feel less confused. Something hits you!
* * * LOW HITPOINT WARNING * * *
Something burns you.
You die...

### #### #.. #..#
# #.# #..# #.#.#
#..#
#.#{###.#..#####
#.......#.....<#
#####.######.#####
#........{♣..#
#...##.#######
.........#
###.###..# ⌠..
#..# #.. #..# ..
...# #..#


There were no monsters in sight!

Vanquished Creatures
  The ghost of bchevrier the Chucker, an amateur GnWn (D:3)
  Grinder (D:6)
  Sigmund (D:3)
  A steam dragon (D:7)
  Menkaure (D:7)
  Duvessa (D:6)
  A water moccasin (D:4)
  Pargi (Sewer)
  An ice beast (D:5)
  A sky beast (D:7)
  A centaur (D:6)
  4 ogres
  A phantom (D:4)
  A gnoll sergeant (D:7)
  3 scorpions (D:5)
  An elf zombie (Ossuary)
  A necrophage (D:5)
  Dowan (D:6)
  A howler monkey (D:5)
  A human zombie (Ossuary)
  A jelly (D:7)
  5 hounds
  2 centaur zombies (Ossuary)
  An orc priest (D:3)
  Crazy Yiuf (D:4)
  2 iguanas (D:5)
  2 orc wizards
  Natasha (thrice) (D:3)
  3 mummies
  7 gnolls
  7 adders
  A shadow imp (D:6)
  A white imp (D:3)
  2 ufetubi
  2 adder zombies (Ossuary)
  4 dart slugs
  22 orcs
  9 endoplasms
  7 giant cockroaches
  6 hobgoblins
  7 jackals
  10 kobolds
  3 quokkas
  8 ball pythons
  9 bats
  A frilled lizard (D:3)
  10 goblins
  3 goblin zombies
  5 hobgoblin zombies (Ossuary)
  A jackal zombie (Ossuary)
  12 kobold zombies (Ossuary)
  11 orc zombies
  10 rats
203 creatures vanquished.

Vanquished Creatures (others)
  4 fungi (D:5)
4 creatures vanquished.

Grand Total: 207 creatures vanquished

Notes
Turn   | Place    | Note
-------+----------+-------------------------------------------
     0 | D:1      | NinjaNoafa the Merfolk Gladiator began the quest for the
                  | Orb.
     0 | D:1      | Reached XP level 1. HP: 16/16 MP: 1/1
    18 | D:1      | Reached skill level 4 in Short Blades
   165 | D:1      | Reached XP level 2. HP: 18/22 MP: 2/2
   492 | D:1      | Reached skill level 5 in Short Blades
   492 | D:1      | Reached XP level 3. HP: 27/27 MP: 3/3
  1200 | D:2      | Reached XP level 4. HP: 32/33 MP: 4/4
  1219 | D:3      | Found a broken altar of Ashenzari.
  1228 | D:3      | Noticed Sigmund
  1234 | D:3      | Gained mutation: You passively dampen the noise of your
                  | surroundings. [potion of mutation]
  1261 | D:3      | Killed Sigmund
  1262 | D:3      | Reached skill level 7 in Short Blades
  1262 | D:3      | Reached XP level 5. HP: 25/41 MP: 5/5
  1346 | D:3      | Reached skill level 5 in Dodging
  1346 | D:3      | Reached XP level 6. HP: 47/47 MP: 6/6
  1439 | D:2      | Found a hide-covered altar of Uskayaw.
  1450 | D:2      | Became a worshipper of Uskayaw the Reveller
  1461 | D:3      | Noticed Terence
  1461 | D:3      | Found a glowing drain.
  1467 | Sewer    | Entered a sewer
  1581 | Sewer    | Noticed Pargi
  1582 | Sewer    | Reached * piety under Uskayaw
  1585 | Sewer    | Reached ** piety under Uskayaw
  1593 | Sewer    | Reached *** piety under Uskayaw
  1594 | Sewer    | Killed Pargi
  2393 | D:3      | Found a runed translucent door.
  2394 | D:3      | Noticed bchevrier's ghost (amateur GnWn)
  2652 | D:3      | Noticed Natasha
  2662 | D:3      | Killed Natasha
  2663 | D:3      | Reached skill level 5 in Fighting
  2737 | D:3      | Found an opulent altar of Gozag.
  2851 | D:3      | Reached XP level 7. HP: 42/56 MP: 7/7
  2857 | D:3      | Reached **** piety under Uskayaw
  3021 | D:3      | Noticed Natasha
  3026 | D:3      | Killed Natasha
  3146 | D:3      | Noticed Natasha
  3161 | D:3      | Killed Natasha
  3817 | D:4      | Found a bloodstained altar of Trog.
  3973 | D:4      | Found an ornate altar of the Wu Jian Council.
  4023 | D:4      | Reached skill level 8 in Short Blades
  4145 | D:4      | Found a staircase to the Ecumenical Temple.
  4173 | D:4      | Reached XP level 8. HP: 41/62 MP: 8/8
  4248 | D:4      | Found a hazy altar of Hepliaklqana.
  4257 | Temple   | Entered the Ecumenical Temple
  4536 | D:4      | Reached skill level 9 in Short Blades
  4590 | D:4      | Found Dagiecyo's Serpentskin Sales.
  4691 | D:4      | Bought a ring of poison resistance for 260 gold pieces
  4751 | D:4      | Found a runed translucent door.
  4752 | D:4      | Noticed Crazy Yiuf
  4758 | D:4      | Paralysed by Crazy Yiuf for 2 turns
  4763 | D:4      | Killed Crazy Yiuf
  4962 | D:5      | Entered Level 5 of the Dungeon
  5043 | D:5      | Reached skill level 10 in Short Blades
  5248 | D:5      | Found a shimmering blue altar of Sif Muna.
  5516 | D:5      | Found a hide-covered altar of Uskayaw.
  5557 | D:5      | Reached skill level 11 in Short Blades
  5891 | D:4      | Bought a scroll of poison for 52 gold pieces
  5990 | D:6      | Noticed Grinder
  6006 | D:6      | Reached XP level 9. HP: 58/68 MP: 9/9
  6020 | D:6      | Paralysed by Grinder for 4 turns
  6028 | D:6      | Killed Grinder
  6029 | D:6      | Reached skill level 12 in Short Blades
  6191 | D:6      | Found a sand-covered staircase.
  6202 | Ossuary  | Entered an ossuary
  6448 | Ossuary  | Reached ***** piety under Uskayaw
  6932 | D:6      | Noticed Dowan
  6933 | D:6      | Noticed Duvessa
  6955 | D:6      | Killed Dowan
  6976 | D:6      | Killed Duvessa
  6977 | D:6      | Reached skill level 13 in Short Blades
  7278 | D:6      | Found a glowing silver altar of Zin.
  7374 | D:6      | Found a white marble altar of Elyvilon.
  7551 | D:3      | Killed bchevrier's ghost
  7615 | D:3      | Identified the +11 shortbow of Temperance {freeze, Int+3
                  | Stlth+}
  7909 | D:7      | Noticed Menkaure
  7919 | D:7      | Killed Menkaure
  7920 | D:7      | Reached skill level 14 in Short Blades
  7920 | D:7      | Reached skill level 1 in Spellcasting
  8302 | D:7      | Reached skill level 1 in Invocations
  8439 | D:7      | Noticed Joseph
  8960 | D:8      | Noticed Erica
  9011 | D:8      | HP: 2/102 [something (12)]
  9011 | D:8      | Slain by Erica

Illustrated notes

Levels and vault maps discovered:
D:1:      lightli_molten_gateway, layout_loops_cross
D:2:      layout_basic, basic_altar
D:3:      layout_basic, mainiacjoe_overflow_six_doors_small, ashenzari_altar_1,
          portal_sewer_entry_a, ebering_ghost_inner_flame, uniq_sigmund,
          uniq_natasha, uniq_terence
D:4:      layout_basic, nzn_hepliaklqana_mist_gate, lemuel_doored_altar,
          lemuel_round_altar, temple_statues, guppyfry_shop_venom,
          uniq_crazy_yiuf_cottage, uniq_pargi
D:5:      layout_rooms, mainiacjoe_overflow_brackets,
          mainiacjoe_overflow_boulevard
D:6:      layout_loops_ring, mainiacjoe_overflow_alcove_1,
          mainiacjoe_overflow_alcove_4, nicolae_ossuary_entry_giza,
          uniq_duvessa, uniq_grinder
D:7:      layout_loops_ring, uniq_joseph, uniq_menkaure
D:8:      layout_basic, serial_shops, nicolae_shop_stone, nicolae_eternal_life,
          minmay_chambers_of_fives, uniq_erica
Temple:   oiseaux_autumnal_temple

Skill      XL: |  1  2  3  4  5  6  7  8  9 |
---------------+----------------------------+-----
Short Blades   | 4 5 7 8 11 14 | 14.0
Fighting       | 3 5 |  5.0
Dodging        | 5 7 |  7.0
Spellcasting   | 2 |  2.0
Invocations    | 3 |  3.1
Throwing       | |  2.0

Action                   |  1- 3 |  4- 6 |  7- 9 || total
-------------------------+-------+-------+-------++-------
Melee: Rapier            |   115 |   139 |   640 ||   894
       Punch             |     1 |     3 |    12 ||    16
Throw: Javelin           |     7 |     3 |     3 ||    13
       Throwing net      |       |     4 |     1 ||     5
       Dart              |       |     3 |     1 ||     4
Invok: Line Pass         |       |       |     2 ||     2
       Stomp             |       |       |     4 ||     4
Evoke: Wand              |       |       |     4 ||     4
  Use: Potion            |       |     9 |    10 ||    19
       Scroll            |       |     4 |     7 ||    11
 Stab: Held in net/web   |       |     2 |       ||     2
       Paralysed         |       |     1 |    12 ||    13
       Sleeping          |       |       |     3 ||     3
Armor: Leather armour    |    28 |    66 |   110 ||   204
       Skin              |       |       |     8 ||     8
Dodge: Dodged            |    91 |   184 |   344 ||   619

Table legend: (Time is in decaauts)
 A = Elapsed time spent in this place.
 B = Non-inter-level travel time spent in this place.
 C = Inter-level travel time spent in this place.
 D = Time resting spent in this place.
 E = Time spent auto-exploring this place.
 F = Levels seen in this place.
 G = Mean time per level.
                   A        B        C        D        E       F      G
               +--------+--------+--------+--------+--------+-----+--------+
         Total |   8684 |   8182 |    502 |     77 |   6318 |  11 |  789.5 |
       Dungeon |   7824 |   7343 |    481 |     77 |   5667 |   8 |  978.0 |
        Temple |    209 |    189 |     20 |      0 |    176 |   1 |  209.0 |
         Sewer |    246 |    246 |      0 |      0 |    198 |   1 |  246.0 |
       Ossuary |    404 |    404 |      0 |      0 |    276 |   1 |  404.0 |
               +--------+--------+--------+--------+--------+-----+--------+

Top non-repeatable levels by time:
     D:3: 1502 daAuts
     D:4: 1291 daAuts
     D:6: 1063 daAuts
     D:1: 1060 daAuts
     D:7: 1023 daAuts
     D:5: 914 daAuts
     D:2: 755 daAuts
 Ossuary: 404 daAuts
   Sewer: 246 daAuts
     D:8: 212 daAuts
  Temple: 209 daAuts
